 Dungeon Crawl Stone Soup version 0.19-a0-1254-gb9c29c0 (webtiles) character file.

8224 epen the Martial Artist (level 11, -10/89 HPs)
             Began as a Merfolk Monk on Aug 27, 2016.
             Was an Elder of Cheibriados.
             Killed by divine providence
             ... invoked by an orc priest
              (12 damage)
             ... on level 11 of the Dungeon.
             The game lasted 00:20:11 (11862 turns).

epen the Martial Artist (Merfolk Monk)             Turns: 11862, Time: 00:20:12

Health: -10/89     AC: 13    Str: 19 (20) XL:     11   Next: 27%
Magic:  15/15      EV: 30    Int: 17      God:    Cheibriados [****..]
Gold:   595        SH:  0    Dex: 30      Spells: 1 memorised, 7 levels left

rFire  + . .     SeeInvis .     y - +3 dagger (elec)
rCold  . . .     Gourm    .     r - +0 steam dragon armour
rNeg   . . .     Faith    .     (no shield)
rPois  .         Spirit   .     (helmet restricted)
rElec  .         Dismiss  .     K - +0 cloak
rCorr  .         Reflect  .     A - +1 pair of gloves
MR     +....     Harm     .     (no boots)
Stlth  ++++...... Rnd*Rage +    (no amulet)
                                n - ring of protection from fire
                                i - ring of protection from magic

@: agile, exhausted, about to teleport, very slightly contaminated, slowed,
studying Ice Magic, very slow
A: change form in water, swift swim, stealthy swim, horns 1, rough black scales
2, berserk 1, clumsy 1, deterioration 1, dopey 1, MP-powered wands
a: Bend Time, Temporal Distortion, Slouch, Renounce Religion


You were on level 11 of the Dungeon.
You worshipped Cheibriados.
Cheibriados was greatly pleased with you.
You were very hungry.

You visited 2 branches of the dungeon, and saw 12 of its levels.
You also visited: Sewer and Ossuary.

You collected 595 gold pieces.

Inventory:

Hand Weapons
 e - a +1 short sword of venom
 y - a +3 dagger of electrocution (weapon)
Missiles
 E - a throwing net (quivered)
Armour
 a - a +0 robe
 r - a +0 steam dragon armour (worn)
 A - a +1 pair of gloves (worn)
 K - a +0 cloak (worn)
Jewellery
 c - a +2 ring of intelligence
 i - a ring of protection from magic (left hand)
 l - an uncursed ring of magical power
 n - a ring of protection from fire (right hand)
 N - an uncursed ring of positive energy
Wands
 m - a wand of flame (13/48)
 C - a wand of slowing (25/48)
 D - a wand of digging (22/24)
 H - a wand of slowing (15/48)
Scrolls
 d - a scroll of teleportation
 u - 7 scrolls of remove curse
 z - 3 scrolls of recharging
 B - a scroll of blinking
 L - a scroll of summoning
 P - a scroll of identify
Potions
 g - a potion of cure mutation {unknown}
 h - 3 potions of agility
 j - a potion of magic {unknown}
 k - 3 potions of might
 q - 6 potions of flight
 t - a potion of brilliance {unknown}
 v - a potion of berserk rage {unknown}
 w - 2 potions of invisibility
 I - 3 potions of lignification
 J - a potion of haste {unknown}
Books
 x - a manual of Ice Magic
 F - a book of Beasts

   Spells                             Type                      Level
   a - Summon Butterflies             Summoning                    1
   b - Call Canine Familiar           Summoning                    3
   c - Summon Ice Beast               Ice/Summoning                4
   d - Summon Mana Viper              Hexes/Summoning              5
   e - Summon Hydra                   Summoning                    7
 M - a book of Ice

   Spells                             Type                      Level
   a - Ice Form                       Ice/Transmutation            4
   b - Metabolic Englaciation         Hexes/Ice                    5
   c - Ozocubu's Refrigeration        Ice                          6
   d - Bolt of Cold                   Conjuration/Ice              6
   e - Freezing Cloud                 Conjuration/Ice/Air          6
   f - Simulacrum                     Ice/Necromancy               6
 O - a book of Death

   Spells                             Type                      Level
   a - Corpse Rot                     Necromancy                   2
   b - Sublimation of Blood           Necromancy                   2
   c - Agony                          Necromancy                   5
   d - Dispel Undead                  Necromancy                   5
   e - Excruciating Wounds            Charms/Necromancy            5
   f - Bolt of Draining               Conjuration/Necromancy       5
Comestibles
 b - 11 bread rations
 o - 4 beef jerkies
 s - 8 meat rations
 G - 7 slices of pizza


   Skills:
 + Level 9.4 Fighting
 + Level 11.3 Dodging
 - Level 2.1 Stealth
 * Level 12.7 Unarmed Combat
 + Level 0.5 Spellcasting
 + Level 1.1 Transmutations
 * Level 5.3 Invocations


You had 7 spell levels left.
You knew the following spells:

 Your Spells              Type           Power        Failure   Level  Hunger
a - Ice Form              Ice/Tmut       #.......     99%         4    #####..


Dungeon Overview and Level Annotations

Branches:
Dungeon (11/15)            Temple (1/1) D:6            Lair (0/6) D:11
    Orc (0/2) D:11

Altars:
Ashenzari
Cheibriados
Dithmenos
Elyvilon
Fedhas
Gozag
Hepliaklqana
Kikubaaqudgha
Makhleb
Nemelex Xobeh
Okawaru
Qazlal
Ru
Sif Muna
Trog
Uskayaw
Vehumet
Xom
Yredelemnul
Zin
The Shining One

Shops:
D:7 %

Annotations:
D:11 Maurice, Nergalle, Urug


Innate Abilities, Weirdness & Mutations

You revert to your normal form in water.
You are very nimble and swift while swimming.
You are very stealthy in the water.
You have a pair of small horns on your head.
You are mostly covered in rough black scales. (AC +5, Dex -2)
You tend to lose your temper in combat.
You are clumsy. (Dex -2)
Your body sometimes deteriorates upon taking damage.
You are dopey. (Int -2)
You expend magic power (3 MP) to strengthen your wands.


Message History

The giant frog croaks.
A wyvern zombie comes into view.
You open the large door. 2 orcs and 2 orc priests come into view.
The orc shouts!
The orc priest shouts! x2; The orc shouts!
The orc priest mumbles some strange prayers to Beogh against you.
Beogh smites you!
* * * LOW HITPOINT WARNING * * *
An orc comes into view. It is wielding a whip.
Blink to where?
Press: ? - help, Dir - move target cursor
As you read the scroll of blinking, it crumbles to dust.
Okay, then.
As you read the scroll of teleportation, it crumbles to dust.
You feel strangely unstable.
You feel agile all of a sudden. The giant frog completely misses you.
The orc priest calls down the wrath of Beogh upon you.
Beogh smites you!
You die...

................. ........#
................ ........#
.......)........ ........#
...........##+####+####...#
...........#........ #...#
##.........#.....(.. #....
#.........#........ #....
#.........'........ #....
.. #.......Z@#........
#....
..##.......F.#..o...!.
#.... .'..........#........
#..........#........
#.....o....#........
#..........#.#####..
####..oo......#.# .
.......o......#.#
..####''#.....#


You could see a giant frog, an orc priest, 3 orcs and a wyvern zombie.

Vanquished Creatures
  2 rime drakes
  A troll (D:9)
  A two-headed ogre (D:8)
  2 polar bears (D:10)
  A wyvern (D:6)
  4 hogs (D:9)
  6 yaks (D:9)
  A human (D:9)
  2 hippogriffs
  2 hungry ghosts
  Edmund (D:5)
  A steam dragon (D:8)
  A water moccasin (D:11)
  Purgy (Sewer)
  An orc warrior (D:8)
  3 ice beasts
  A wasp (D:8)
  6 ogres
  A phantom (D:4)
  2 black bears (D:7)
  2 necrophages
  4 centaurs
  A crocodile (D:8)
  2 elf zombies (Ossuary)
  5 giant frogs
  6 scorpions
  3 killer bees (D:10)
  A howler monkey (D:6)
  2 crimson imps
  3 centaur zombies
  4 giant frog zombies
  6 hounds
  8 human zombies (Ossuary)
  2 orc priests (D:5)
  2 jellies
  An iguana (D:4)
  6 orc wizards
  6 worker ants
  2 ogre zombies (D:11)
  A hound zombie (D:7)
  3 mummies (Ossuary)
  2 worker ant zombies
  11 adders
  A howler monkey skeleton (D:6)
  A shadow imp (D:6)
  An adder zombie (D:5)
  An adder skeleton (D:6)
  2 worms (D:2)
  3 dart slugs
  5 giant geckos
  18 orcs
  11 bats
  9 giant cockroaches
  9 goblins
  6 hobgoblins
  7 jackals
  4 quokkas
  2 ball pythons (D:2)
  A giant gecko zombie (D:6)
  7 giant newts
  A goblin skeleton (D:11)
  A goblin zombie (D:11)
  9 kobolds
  2 orc zombies (D:11)
  4 rats
228 creatures vanquished.

Vanquished Creatures (others)
  A goblin skeleton (D:11)
  A hobgoblin skeleton (D:11)
  An orc skeleton (D:11)
3 creatures vanquished.

Grand Total: 231 creatures vanquished

Notes
Turn   | Place    | Note
-------+----------+-------------------------------------------
     0 | D:1      | epen the Merfolk Monk began the quest for the Orb.
     0 | D:1      | Reached XP level 1. HP: 18/18 MP: 1/1
    74 | D:1      | Reached XP level 2. HP: 15/24 MP: 2/2
   776 | D:1      | Reached skill level 4 in Unarmed Combat
   783 | D:1      | Reached XP level 3. HP: 26/29 MP: 3/3
  1581 | D:2      | Reached XP level 4. HP: 22/37 MP: 4/4
  2310 | D:3      | Found a sparkling altar of Nemelex Xobeh.
  2494 | D:3      | Found a burning altar of Makhleb.
  2500 | D:3      | Reached skill level 5 in Dodging
  2500 | D:3      | Reached XP level 5. HP: 28/42 MP: 5/5
  2622 | D:3      | Reached skill level 5 in Unarmed Combat
  2668 | D:3      | Found a glowing drain.
  2683 | Sewer    | Entered a sewer
  2791 | Sewer    | Noticed Purgy
  3098 | Sewer    | Killed Purgy
  3098 | Sewer    | Reached XP level 6. HP: 12/49 MP: 6/6
  3789 | D:4      | Reached skill level 6 in Unarmed Combat
  4048 | D:4      | Reached XP level 7. HP: 55/55 MP: 7/7
  4054 | D:4      | Reached skill level 5 in Fighting
  4725 | D:4      | Reached skill level 7 in Unarmed Combat
  4731 | D:4      | Found a glowing golden altar of the Shining One.
  4821 | D:5      | Entered Level 5 of the Dungeon
  5018 | D:5      | Noticed Edmund
  5041 | D:5      | Killed Edmund
  5041 | D:5      | Reached XP level 8. HP: 33/64 MP: 8/8
  5250 | D:5      | Found a white marble altar of Elyvilon.
  5687 | D:5      | Found a hazy altar of Hepliaklqana.
  5936 | D:6      | Found a staircase to the Ecumenical Temple.
  5955 | Temple   | Entered the Ecumenical Temple
  6085 | D:6      | Noticed a wyvern
  6287 | D:6      | Reached skill level 8 in Unarmed Combat
  6295 | D:6      | Killed a wyvern
  6550 | D:6      | Found an ancient bone altar of Kikubaaqudgha.
  7007 | D:7      | Reached skill level 9 in Unarmed Combat
  7065 | D:7      | Found Kigetek's Food Boutique.
  7072 | D:7      | Reached XP level 9. HP: 69/71 MP: 9/9
  7530 | D:7      | Found a bloodstained altar of Trog.
  7698 | D:7      | Reached skill level 10 in Unarmed Combat
  7714 | D:7      | Found a snail-covered altar of Cheibriados.
  7738 | D:7      | Became a worshipper of Cheibriados the Contemplative
  7738 | D:7      | Reached * piety under Cheibriados
  7738 | D:7      | Reached ** piety under Cheibriados
  8076 | D:8      | Noticed a two-headed ogre
  8083 | D:8      | Killed a two-headed ogre
  8102 | D:8      | Reached skill level 10 in Dodging
  8105 | D:8      | Reached skill level 11 in Unarmed Combat
  8269 | D:8      | Reached XP level 10. HP: 32/79 MP: 10/10
  8320 | D:8      | Found a sand-covered staircase.
  8327 | Ossuary  | Entered an ossuary
  8702 | Ossuary  | Reached *** piety under Cheibriados
  8913 | Ossuary  | Gained mutation: You are partially covered in rough black scales. (AC +2, Dex -1) [potion of mutation]
  8913 | Ossuary  | Gained mutation: You expend magic power (3 MP) to strengthen your wands. [potion of mutation]
  8913 | Ossuary  | Gained mutation: Your body sometimes deteriorates upon taking damage. [potion of mutation]
  8914 | Ossuary  | Gained mutation: You are clumsy. (Dex -2) [potion of mutation]
  8914 | Ossuary  | Gained mutation: You are mostly covered in rough black scales. (AC +5, Dex -2) [potion of mutation]
  9561 | D:9      | Noticed Maurice
  9759 | D:9      | Reached skill level 1 in Invocations
  9789 | D:9      | Reached skill level 12 in Unarmed Combat
 10038 | D:9      | Reached **** piety under Cheibriados
 10186 | D:9      | Found a radiant altar of Vehumet.
 10376 | D:9      | Reached XP level 11. HP: 86/89 MP: 14/14
 10683 | D:10     | Entered Level 10 of the Dungeon
 10715 | D:10     | Noticed a frost giant
 11144 | D:10     | Reached skill level 5 in Invocations
 11314 | D:10     | Learned a level 4 spell: Ice Form
 11694 | D:11     | Noticed Urug
 11726 | D:11     | Gained mutation: You tend to lose your temper in combat. [potion of mutation]
 11726 | D:11     | Gained mutation: You are dopey. (Int -2) [potion of mutation]
 11726 | D:11     | Gained mutation: You have a pair of small horns on your head. [potion of mutation]
 11743 | D:11     | Paralysed by a wasp for 2 turns
 11754 | D:11     | Paralysed by a wasp for 3 turns
 11775 | D:11     | Reached skill level 1 in Transmutations
 11813 | D:11     | Noticed Nergalle
 11826 | D:11     | Found a staircase to the Orcish Mines.
 11850 | D:11     | Found a staircase to the Lair.
 11859 | D:11     | HP: 1/89 [orc priest/divine providence (16)]
 11862 | D:11     | Killed from afar by an orc priest

Vault maps used:
D:1:      elethiomel_arrival_shortcut, minmay_misc_feat_ornament
D:3:      marbit_many_paths, makhleb_heckhound_becter, portal_sewer_entry_f
D:4:      lemuel_doored_altar
D:5:      kennysheep_mini, old_standard_altar, first_bread, uniq_edmund
D:6:      kiku_gazebo_garden_becter
D:7:      cheibriados_altar_wand_db, serial_shops,
          nicolae_shop_temple_entry_statues_fountains, trog_ov_bears_minmay
D:8:      nicolae_ossuary_entry_false_entrances
D:9:      vehumet_altar_wand_db, hangedman_abyss_or_decor_stabs,
          grunt_livestock, uniq_maurice
D:10:     minmay_coctagon
D:11:     david_lair_generic, zombieorc2_lemuel, uniq_urug, uniq_nergalle,
          uniq_grum
Temple:   cyrus_circular_temple
Sewer:    kennysheep_door_sewer
Ossuary:  ossuary_minmay_four_chambers

Skill      XL: |  1  2  3  4  5  6  7  8  9 10 11 |
---------------+----------------------------------+-----
Unarmed Combat | 4 5 6 7 9 11 12 | 12.7
Fighting       | 4 5 6 8 9 |  9.4
Dodging        | 5 6 7 8 10 11 | 11.3
Invocations    | 4 5 |  5.3
Transmutations | 1 |  1.1
Stealth        | |  2.1
Spellcasting   | |  0.5

Action                   |  1- 3 |  4- 6 |  7- 9 | 10-12 || total
-------------------------+-------+-------+-------+-------++-------
Melee: Unarmed           |    36 |       |    10 |       ||    46
       Short sword       |    59 |   153 |    89 |       ||   301
       Punch             |     3 |     5 |    18 |    44 ||    70
       Tailslap          |       |     4 |       |       ||     4
       Dagger            |       |       |   264 |   411 ||   675
       Headbutt          |       |       |       |    14 ||    14
Throw: Throwing net      |       |       |     2 |       ||     2
Invok: Slouch            |       |       |       |     2 ||     2
Evoke: Wand              |       |       |       |     2 ||     2
  Use: Scroll            |       |     8 |     2 |    22 ||    32
       Potion            |       |       |       |    12 ||    12
 Stab: Sleeping          |     8 |     5 |     8 |     5 ||    26
       Distracted        |       |       |       |     1 ||     1
       Invisible         |       |       |       |     3 ||     3
  Eat: Chunk             |     2 |     6 |    11 |     7 ||    26
       Royal jelly       |       |     1 |     1 |       ||     2
       Beef jerky        |       |       |       |     1 ||     1
Armor: Robe              |    11 |    37 |    30 |     1 ||    79
       Steam dragon armo |       |       |       |    79 ||    79
Dodge: Dodged            |    57 |   156 |   314 |   444 ||   971
